 Dungeon Crawl Stone Soup version 0.26-a0-660-gc07710193c (webtiles) character file.

Game seed: 11032734644297513396

784 DoubleLucky the Stinger (level 7, 0/46 HPs)
             Began as a Demonspawn Venom Mage on Oct 7, 2020.
             Slain by an orc warrior
             ... wielding a +0 trident
              (19 damage)
             ... on level 6 of the Dungeon.
             The game lasted 00:21:48 (6425 turns).

DoubleLucky the Stinger (Demonspawn Venom Mage)     Turns: 6425, Time: 00:21:49

Health: 0/46       AC:  5    Str: 14    XL:     7   Next: 55%
Magic:  6/15       EV: 12    Int: 19    God:
Gold:   286        SH:  0    Dex: 13    Spells: 14/17 levels left

rFire    . . .     SeeInvis .   d - +2 dagger (venom)
rCold    . . .     Faith    .   (no shield)
rNeg     . . .     Spirit   .   a - +0 robe
rPois    .         Reflect  .   n - +0 helmet
rElec    .         Harm     .   (no cloak)
rCorr    .         Rampage  .   (no gloves)
MR       .....                  (no boots)
Stlth    +++.......             (no amulet)
HPRegen  0.15/turn              b - ring of stealth
MPRegen  0.14/turn              j - +6 ring of strength

@: no status effects
A: talons 1, icy blue scales 1, powered by pain 1
a: no special abilities


You were on level 6 of the Dungeon.
You visited 1 branch of the dungeon, and saw 6 of its levels.

You collected 286 gold pieces.

Inventory:

Hand Weapons
 d - a +2 dagger of venom (weapon)
 A - a +0 dagger of speed
Armour
 a - a +0 robe (worn)
 n - a +0 helmet (worn)
Jewellery
 b - a ring of stealth (left hand)
 j - a +6 ring of strength (right hand)
 u - an uncursed ring of see invisible {unknown}
Wands
 v - a wand of disintegration (22)
 w - a wand of iceblast (8)
 y - a wand of digging (5)
Scrolls
 c - 2 scrolls of enchant armour
 e - a scroll of magic mapping
 f - 2 scrolls of identify
 g - 2 scrolls of remove curse
 i - 3 scrolls of fear
 l - 2 scrolls of amnesia
 o - 2 scrolls of fog
 q - 2 scrolls of enchant weapon
 r - a scroll of immolation
 t - 3 scrolls of teleportation
Potions
 h - 3 potions of curing
 k - a potion of flight
 m - 2 potions of heal wounds
 p - 3 potions of mutation
 x - a potion of haste
 z - a potion of resistance


   Skills:
 - Level 1.7 Dodging
 - Level 1.7 Stealth
 + Level 5.8 Spellcasting
 - Level 0.8 Transmutations
 + Level 6.7 Poison Magic


You had 14 spell levels left.
You knew the following spells:

 Your Spells              Type           Power        Failure   Level
a - Sting                 Tmut/Pois      ###.         2%          1
b - Poisonous Vapours     Pois/Air       ###...       4%          2

Your spell library contained the following spells:

 Spells                   Type           Power        Failure   Level
 Olgreb's Toxic Radiance  Pois           ####....     7%          4
 Corona                   Hex            #......      12%         1
 Freeze                   Ice            #...         12%         1
 Ignite Poison            Fire/Tmut/Pois ###.....     12%         3
 Mephitic Cloud           Conj/Pois/Air  ##......     14%         3
 Ensorcelled Hibernation  Hex/Ice        #.....       17%         2
 Confusing Touch          Hex            #.......     34%         3
 Dazzling Flash           Conj/Hex       #.....       34%         3
 Frozen Ramparts          Ice            #.....       34%         3
 Ozocubu's Armour         Ice            #.......     34%         3
 Tukima's Dance           Hex            #.......     34%         3
 Hailstorm                Conj/Ice       #.......     75%         4
 Summon Ice Beast         Ice/Summ       #.......     75%         4


Dungeon Overview and Level Annotations

Branches:
Dungeon (6/15)
 Temple: D:4-7

Altars:
Ashenzari
Elyvilon
Gozag
Hepliaklqana
Okawaru
Qazlal
Ru
Trog
Uskayaw
Xom
Yredelemnul
The Shining One


Innate Abilities, Weirdness & Mutations

You have sharp toenails.
You are partially covered in icy blue scales. (AC +2)
You sometimes gain a little power by taking damage.


Message History

Confirm with . or Enter, or press ? or * to list all spells.
Press: ? - help, Dir - move target cursor, f - orc warrior, p - orc
Aim: an orc warrior, wielding a +0 trident and wearing a +0 plate armour (moderately wounded, fast, very poisoned) Poisonous vapours surround the orc warrior!
The orc shouts!
The orc warrior is engulfed in poison gas.
The orc warrior looks even sicker.
Casting: Poisonous Vapours (safe; 4% risk of failure)
Confirm with . or Enter, or press ? or * to list all spells.
Press: ? - help, Dir - move target cursor, f - orc, p - orc warrior
Aim: an orc, wielding a +0 short sword and wearing a +0 ring mail Poisonous vapours surround the orc!
The orc warrior hits you from afar with a +0 trident!!
The orc is engulfed in poison gas.
The orc is poisoned.
The orc warrior closely misses you.
You kill the orc!
The orc looks more healthy.
The orc warrior hits you from afar with a +0 trident!
The orc warrior hits you from afar with a +0 trident!!
You die...

#..#.# ##.###### #....#
###.## ##.### #....# #.#
#.#+.## #.# #.....# ##.##
##.....## #...## ##..._...##
#
####....####.........####....
#..........+....@.oo.'...).#
#.##....####.........####....
# #.#..# ##.......## # #.##.#
##.....## #....# ##...##
#.#####.# ##+## #.......# #.#
#######.# #<# #(# ####.###


You could see an orc warrior (fast, very poisoned) and an orc.

Vanquished Creatures
  Sigmund (D:4)
  2 ogres (D:4)
  A howler monkey (D:4)
  2 hounds
  A jelly (D:4)
  A centaur skeleton (D:4)
  An orc priest (D:3)
  2 orc wizards
  3 worker ants
  A hound skeleton (D:4)
  3 adders
  2 ufetubi (D:5)
  An ooze (D:1)
  A worm (D:1)
  An adder skeleton (D:5)
  3 dart slugs
  2 leopard geckos
  14 orcs
  A ball python (D:2)
  2 giant cockroaches
  7 goblins
  11 hobgoblins
  2 quokkas (D:2)
  A ball python skeleton (D:4)
  8 bats
  8 frilled lizards
  5 kobolds
  9 rats
96 creatures vanquished.

Notes
Turn   | Place    | Note
-------+----------+-------------------------------------------
     0 | D:1      | DoubleLucky the Demonspawn Venom Mage began the quest for
                  | the Orb.
     0 | D:1      | Reached XP level 1. HP: 13/13 MP: 3/3
   176 | D:1      | Gained mutation: You are partially covered in icy blue
                  | scales. (AC +2) [demonic ancestry]
   176 | D:1      | Reached XP level 2. HP: 19/19 MP: 1/5
   887 | D:1      | Reached XP level 3. HP: 24/24 MP: 4/7
   894 | D:1      | Learned a level 2 spell: Poisonous Vapours
  1529 | D:2      | Found an opulent altar of Gozag.
  1818 | D:2      | Found a basalt altar of Yredelemnul.
  1821 | D:2      | Noticed a profane servitor
  1849 | D:2      | Found a glowing golden altar of the Shining One.
  1974 | D:2      | Reached skill level 4 in Poison Magic
  2400 | D:2      | Gained mutation: You sometimes gain a little power by
                  | taking damage. [demonic ancestry]
  2400 | D:2      | Reached XP level 4. HP: 30/30 MP: 5/8
  2841 | D:3      | Found an iron altar of Okawaru.
  3273 | D:3      | Gained mutation: You have sharp toenails. [demonic
                  | ancestry]
  3273 | D:3      | Reached XP level 5. HP: 35/35 MP: 4/10
  3853 | D:4      | Found a hazy altar of Hepliaklqana.
  4192 | D:4      | Reached skill level 5 in Poison Magic
  4364 | D:4      | Noticed Sigmund
  4374 | D:4      | Killed Sigmund
  4374 | D:4      | Reached XP level 6. HP: 31/41 MP: 2/13
  4489 | D:4      | Found a sacrificial altar of Ru.
  4754 | D:4      | Reached skill level 5 in Spellcasting
  4754 | D:4      | Reached skill level 6 in Poison Magic
  4754 | D:4      | Reached XP level 7. HP: 46/46 MP: 5/14
  4943 | D:4      | Found a white marble altar of Elyvilon.
  4944 | D:4      | Found a stormy altar of Qazlal.
  5454 | D:5      | Entered Level 5 of the Dungeon
  5657 | D:5      | Found a bloodstained altar of Trog.
  5707 | D:5      | Found a shimmering altar of Xom.
  5710 | D:5      | Found a hide-covered altar of Uskayaw.
  5722 | D:5      | Found a broken altar of Ashenzari.
  5787 | D:5      | Found a shimmering altar of Xom.
  6400 | D:6      | Found a basalt altar of Yredelemnul.
  6425 | D:6      | Slain by an orc warrior

Illustrated notes

Levels and vault maps discovered:
D:1:      dpeg_arrival_simpleton_c, layout_loops_ring
D:2:      layout_loops_ring, grunt_temple_overflow_holy_war,
          lemuel_crystal_altar
D:3:      layout_basic, grunt_decor_arrowhead, okawaru_ov_weapons_minmay
D:4:      layout_basic, nicolae_ru_sacrificial_ziggurat, kennysheep_mini,
          gammafunk_temple_overflow_statue, uniq_sigmund
D:5:      layout_cave_pods, grunt_temple_overflow_cloverleaf, basic_altar
D:6:      layout_loops_corners, nicolae_overflow_crystal_walls,
          minmay_temple_entry_from_below_a, basic_altar

Skill      XL: |  1  2  3  4  5  6 |
---------------+-------------------+-----
Spellcasting   | 3 4 5 |  5.8
Poison Magic   | 4 5 6 |  6.7
Dodging        | |  1.7
Stealth        | |  1.7
Transmutations | |  0.8

Action                   |  1- 3 |  4- 6 |  7- 9 || total
-------------------------+-------+-------+-------++-------
Melee: Spear             |    11 |       |       ||    11
       Dagger            |    38 |    33 |    32 ||   103
       Kick              |       |     4 |    11 ||    15
 Cast: Sting             |    52 |    11 |    22 ||    85
       Poisonous Vapours |    21 |    26 |    18 ||    65
  Use: Scroll            |       |     7 |     8 ||    15
Armor: Robe              |    12 |     8 |    10 ||    30
Dodge: Dodged            |    43 |    16 |    22 ||    81

Table legend: (Time is in decaauts)
 A = Elapsed time spent in this place.
 B = Non-inter-level travel time spent in this place.
 C = Inter-level travel time spent in this place.
 D = Time resting spent in this place.
 E = Time spent auto-exploring this place.
 F = Levels seen in this place.
 G = Mean time per level.
                   A        B        C        D        E       F      G
               +--------+--------+--------+--------+--------+-----+--------+
         Total |   6423 |   6216 |    207 |    348 |   4867 |   6 | 1070.5 |
       Dungeon |   6423 |   6216 |    207 |    348 |   4867 |   6 | 1070.5 |
               +--------+--------+--------+--------+--------+-----+--------+

Top non-repeatable levels by time:
     D:1: 1482 daAuts
     D:4: 1449 daAuts
     D:3: 1316 daAuts
     D:2: 1205 daAuts
     D:5: 878 daAuts
     D:6: 90 daAuts
